 Dungeon Crawl Stone Soup version 0.17-a0-1741-gd5e8965 (webtiles) character file.

30 thrall606 the Conjurer (level 3, 0/16 HPs)
             Began as a Vine Stalker Conjurer on Aug 31, 2015.
             Slain by a gnoll
             ... wielding a +0 club
              (1 damage)
             ... on level 1 of the Dungeon.
             The game lasted 00:03:59 (455 turns).

thrall606 the Conjurer (Vine Stalker Conjurer)       Turns: 455, Time: 00:03:59

Health: 0/16       AC:  2    Str: 10    XL:     3   Next: 20%
Magic:  0/7        EV: 12    Int: 16    God:
Gold:   36         SH:  0    Dex: 14    Spells: 2 memorised, 4 levels left

rFire  . . .     SeeInvis .     j - +0 falchion
rCold  . . .     Clarity  .     a - +0 robe
rNeg   . . .     SustAt   .     (no shield)
rPois  .         Gourm    .     (no helmet)
rElec  .         Spirit   +     (no cloak)
rCorr  .         Warding  .     (no gloves)
rMut   .         Stasis   .     (no boots)
MR     .....                    (no amulet)
Stlth  +++.......               (no ring)
                                e - ring of stealth

@: not resistant to hostile enchantments, fairly stealthy
A: fangs 2, regeneration 1, magic shield, antimagic bite, no device heal 3, rot
immunity
a: no special abilities


You were on level 1 of the Dungeon.
You were not hungry.

You visited 1 branch of the dungeon, and saw 1 of its levels.

You collected 36 gold pieces.

Inventory:

Hand weapons
 d - a +0 dagger
 g - a +0 hand axe
 j - a +0 falchion (weapon)
Armour
 a - a +0 robe (worn)
Jewellery
 e - a ring of stealth (left hand)
Potions
 i - a potion of heal wounds {unknown}
Books
 b - a book of Conjurations

   Spells                             Type                      Level
   a - Magic Dart                     Conjuration                  1
   b - Searing Ray                    Conjuration                  2
   c - Dazzling Spray                 Conjuration/Hexes            3
   d - Fulminant Prism                Conjuration/Hexes            4
   e - Iskenderun's Mystic Blast      Conjuration                  4
   f - Iskenderun's Battlesphere      Conjuration/Charms           5
Comestibles
 c - a bread ration
 f - 7 chunks of flesh
 h - a beef jerky


   Skills:
 + Level 1.7 Dodging
 + Level 2.6 Stealth
 + Level 2.5 Spellcasting
 + Level 4.6 Conjurations


You had 4 spell levels left.
You knew the following spells:

 Your Spells              Type           Power        Failure   Level  Hunger
a - Magic Dart            Conj           ###.         3%          1    #......
b - Searing Ray           Conj           ###...       6%          2    ##.....


Dungeon Overview and Level Annotations

Branches:
Dungeon (1/15)

Altars:
Okawaru


Innate Abilities, Weirdness & Mutations

You have extremely sharp teeth.
Your natural rate of healing is unusually fast.
When hurt, damage is shared between your health and your magic reserves.
Your bite disrupts and absorbs the magic of your enemies.
Potions and wands cannot restore your health.
You are immune to rotting.


Message History

The gnoll hits you with a club.
Casting: Magic Dart
Confirm with . or Enter, or press ? or * to list all spells.
Aiming: Magic Dart
Press: ? - help, Shift-Dir - straight line, f/p - gnoll
Aim: a gnoll, wielding a club (moderately wounded)
The magic dart hits the gnoll.
The gnoll is heavily wounded.
The gnoll hits you with a club.
Casting: Magic Dart
Confirm with . or Enter, or press ? or * to list all spells.
You don't have enough magic to cast that spell.
Unknown command.
The gnoll hits you with a club!
Ouch! That really hurt!
* * * LOW HITPOINT WARNING * * *
You closely miss the gnoll.
The gnoll is heavily wounded.
The gnoll hits you with a club.
You die...

.#.## #.# #.# #.# #### #.#
#.# #.# #.####.####.###...
#........).........
############..##.####.###....
..........>.>.##.####.# ..
......................#
####..).....#.##.#######
########....#@gg%....
###..#.##.[.$. #....# ....
.....# ... #...... .. #######
.


You could see a gnoll and a hobgoblin.

Vanquished Creatures
  2 oozes (D:1)
  A giant gecko (D:1)
  5 bats (D:1)
  A giant cockroach (D:1)
  3 goblins (D:1)
  3 hobgoblins (D:1)
  2 kobolds (D:1)
  7 rats (D:1)
24 creatures vanquished.

Notes
Turn   | Place    | Note
--------------------------------------------------------------
     0 | D:1      | thrall606 the Vine Stalker Conjurer began the quest for the Orb.
     0 | D:1      | Reached XP level 1. HP: 9/9 MP: 4/4
    80 | D:1      | Reached XP level 2. HP: 10/13 MP: 6/6
   101 | D:1      | Learned a level 2 spell: Searing Ray
   237 | D:1      | Reached XP level 3. HP: 16/16 MP: 3/7
   333 | D:1      | Found an iron altar of Okawaru.
   455 | D:1      | Slain by a gnoll

Vault maps used:
D:1:      erik_arrival_gehennom, okawaru_ov_weapons_minmay

Action                   || total
-------------------------++-------
Melee: Dagger            ||    11
       Unarmed           ||     1
       Hand axe          ||     2
       Falchion          ||     1
 Cast: Magic Dart        ||    38
       Searing Ray       ||     3
